[Event "Titled Tuesday Blitz April 4 Early 2023"]
[White "Shapiro, Viktor"]
[Black "Polanco Nunez, Yoel Estarling"]
[WhiteFideId "4175700"]
[BlackFideId "6401783"]
[WhiteElo "2152"]
[BlackElo "2132"]
[Result "1/2-1/2"]
[Round "08"]
[TimeControl "180+2"]
[Date "2023.04.04"]
[WhiteClock "0:00:13"]
[BlackClock "0:00:19"]

1. Nf3 d5 2. c4 dxc4 3. e3 e6 4. Bxc4 Nf6 5. d4 Be7 6. Nc3 O-O 7. O-O c5 8. Qe2 a6 9. a4 Nc6 10. Rd1 Qc7 11. b3 cxd4 12. Nxd4 Na5 13. Bb2 Nxc4 14. bxc4 e5 15. Nf3 Bg4 16. h3 Bh5 17. g4 Bg6 18. Nd5 Nxd5 19. Rxd5 f6 20. Rad1 Qc6 21. Rd7 Bc5 22. Nh4 Be4 23. f3 Bg6 24. Nxg6 hxg6 25. Kg2 Bd4 26. exd4 Qxd7 27. dxe5 Qe7 28. f4 g5 29. f5 fxe5 30. Rd5 Rae8 31. Rxe5 Qd7 32. a5 Rxe5 33. Qxe5 Re8 34. Qd4 Qxd4 35. Bxd4 Re4 36. Bb6 Rxc4 37. Kf3 Kf7 38. Bd8 Ra4 39. Ke3 g6 40. fxg6+ Kxg6 41. Kd3 Ra3+ 42. Kc4 Rxh3 43. Kc5 Rb3 44. Kd6 Rb4 45. Kc7 Rd4 46. Be7 Re4 47. Bd8 Rb4 48. Kc8 Rb5 49. Bb6 Rb4 50. Kxb7 Rxg4 51. Kxa6 Rb4 52. Kb7 g4 53. a6 g3 54. a7 g2 55. a8=Q Rxb6+ 56. Kxb6 g1=Q+ 57. Kc7 Qc5+ 58. Kb7 Qd5+ 59. Kb8 Qd8+ 60. Kb7 Qd5+ 61. Kb8 Qb5+ 62. Qb7 Qe8+ 63. Qc8 Qb5+ 64. Qb7 Qe5+ 65. Qc7 Qxc7+ 66. Kxc7 1/2-1/2


[Site "https://www.chess.com"]

[Event "Titled Tuesday Blitz April 4 Early 2023"]
[White "Fernandez Sanchez, Mario Andres"]
[Black "Reprintsev, Alexander"]
[WhiteFideId "6501621"]
[BlackFideId "14100541"]
[WhiteElo "2050"]
[BlackElo "2211"]
[Result "0-1"]
[Round "08"]
[TimeControl "180+2"]
[Date "2023.04.04"]
[WhiteClock "0:00:03"]
[BlackClock "0:00:13"]

1. d4 d5 2. Bf4 Nf6 3. e3 c5 4. Nf3 e6 5. Nbd2 Nc6 6. c3 Nh5 7. Bg5 Qb6 8. Qb3 h6 9. Bh4 g5 10. Bg3 Nxg3 11. hxg3 Bg7 12. Bb5 Bd7 13. O-O-O c4 14. Qa4 a6 15. Bxc6 Bxc6 16. Qc2 Qc7 17. e4 O-O-O 18. Rde1 b5 19. a3 g4 20. exd5 gxf3 21. dxc6 fxg2 22. Rhg1 Qxc6 23. Qe4 Qxe4 24. Nxe4 e5 25. dxe5 Bxe5 26. Rxg2 f5 27. Nc5 Bd6 28. Nxa6 Rde8 29. Rgg1 f4 30. Rd1 Re6 31. Nb4 fxg3 32. fxg3 Rg8 33. Rd5 Kc7 34. Rxb5 Rxg3 35. Rxg3 Bxg3 36. Rc5+ Kd6 37. Rxc4 h5 38. Nc2 h4 39. Rc8 Rh6 40. Nd4 Kd7 41. Rg8 Bf4+ 42. Kc2 h3 43. Nf3 h2 44. Nxh2 Rxh2+ 45. Kb3 Bc1 46. Rg4 Rxb2+ 47. Kc4 Ra2 48. Kb3 Rxa3+ 49. Kc2 Be3 50. Re4 Bc5 51. Kb2 Ra6 52. Kb3 Bd6 53. Rh4 Kc6 54. Rh6 Kb5 55. Rh5+ Kc6 56. Rf5 Rb6+ 57. Kc4 Rb1 58. Rh5 Rg1 59. Rf5 Rg4+ 60. Kb3 Bc5 61. Rh5 Kb5 62. Rf5 Rg3 63. Kc2 Kc6 64. Kb3 Bd6 65. Kc4 Kd7 66. Rh5 Be7 67. Rh6 Ke8 68. Ra6 Kf7 69. Kd4 Bf6+ 70. Ke4 Rxc3 71. Kf5 Rc5+ 72. Ke4 Kg6 73. Rb6 Rc4+ 74. Kf3 Kf5 75. Rb3 Be5 76. Ra3 Rh4 77. Ke3 Rh3+ 0-1


[Site "https://www.chess.com"]

[Event "Titled Tuesday Blitz April 4 Early 2023"]
[White "Orujov2008"]
[Black "Romero Pallares, Daniel"]
[BlackFideId "32025637"]
[WhiteElo "2293"]
[BlackElo "2195"]
[Result "0-1"]
[Round "08"]
[TimeControl "180+2"]
[Date "2023.04.04"]
[WhiteClock "0:00:01"]
[BlackClock "0:00:12"]

1. e4 d5 2. exd5 Qxd5 3. Nc3 Qa5 4. d4 Nf6 5. Nf3 Bf5 6. Ne5 c6 7. Bd3 Bxd3 8. Qxd3 e6 9. Bd2 Qc7 10. O-O-O Nbd7 11. Rhe1 Nxe5 12. dxe5 Nd5 13. Nxd5 cxd5 14. f4 g6 15. g4 h5 16. h3 O-O-O 17. f5 hxg4 18. hxg4 gxf5 19. gxf5 Kb8 20. fxe6 fxe6 21. Kb1 Rc8 22. Rc1 a6 23. Be3 Bc5 24. Bxc5 Qxc5 25. Rh1 Rhg8 26. Rh6 Rc6 27. Rh7 Rg1 28. Rh1 Rg4 29. a3 Re4 30. Rce1 Rd4 31. Qb3 Rb6 32. Qh3 Rd2 33. Rc1 Ka7 34. Rhf1 Qd4 35. b3 Re2 36. Rfe1 Rxe5 37. Rxe5 Qxe5 38. Rf1 Qe2 39. Rf8 Qd1+ 40. Kb2 Qd4+ 41. Kb1 e5 42. Qh8 Rd6 43. Ra8+ Kb6 44. a4 Qd1+ 45. Kb2 Qd4+ 46. Kb1 Qc5 47. Qh2 e4 48. Qd2 e3 49. Qe1 Rc6 50. Qe2 Qc3 51. Rb8 Ka7 52. Rd8 d4 53. Qh2 Rc7 54. Qd6 Qxc2+ 55. Ka1 Qc1+ 56. Ka2 Rc2# 0-1


[Site "https://www.chess.com"]

[Event "Titled Tuesday Blitz April 4 Early 2023"]
[White "Qashashvili, Alexandre"]
[Black "Nguyen Hong Nhung"]
[WhiteFideId "13600842"]
[BlackFideId "12412201"]
[WhiteElo "2405"]
[BlackElo "1968"]
[Result "0-1"]
[Round "08"]
[TimeControl "180+2"]
[Date "2023.04.04"]
[WhiteClock "0:00:07"]
[BlackClock "0:00:28"]

1. e4 c5 2. Nc3 e6 3. Nf3 Nc6 4. Be2 a6 5. a4 Nf6 6. O-O Be7 7. h3 d6 8. d4 cxd4 9. Nxd4 O-O 10. Be3 Qc7 11. Re1 Bd7 12. Bf3 Ne5 13. Be2 Nc4 14. Bxc4 Qxc4 15. Qd3 Qc7 16. f3 Rab8 17. a5 d5 18. exd5 Nxd5 19. Nxd5 exd5 20. Nf5 Bf6 21. c3 Be6 22. Bd4 Bxf5 23. Qxf5 Bxd4+ 24. cxd4 Qc4 25. Qe5 b6 26. axb6 Rxb6 27. Ra5 Rxb2 28. Qxd5 Qc2 29. Qg5 h6 30. Qg3 Rd8 31. Rxa6 Qd3 32. Ra7 Qxd4+ 33. Kh1 Qxa7 34. Kh2 Qf2 35. Qxf2 Rxf2 36. Re8+ Rxe8 0-1


[Site "https://www.chess.com"]

[Event "Titled Tuesday Blitz April 4 Early 2023"]
[White "Tsotsonava, Elene"]
[Black "Chernomordik, Pavel"]
[WhiteFideId "13615939"]
[BlackFideId "2804530"]
[WhiteElo "1829"]
[BlackElo "2193"]
[Result "0-1"]
[Round "08"]
[TimeControl "180+2"]
[Date "2023.04.04"]
[WhiteClock "0:00:53"]
[BlackClock "0:01:10"]

1. e4 g6 2. d4 Bg7 3. Nc3 d6 4. f4 a6 5. Nf3 b5 6. Bd3 Nd7 7. Be3 Bb7 8. e5 b4 9. Ne4 Nh6 10. Qd2 Nf5 11. Bf2 c5 12. dxc5 dxe5 13. Qxb4 Rb8 14. Qa4 Qc7 15. O-O-O O-O 16. Bxa6 Bc6 17. Qc4 exf4 18. Nd4 Bxe4 19. Nb5 Qc6 20. a4 Ne5 21. Qe2 Bxg2 22. Rhg1 Bf3 23. Qe1 Bxd1 24. Qxd1 Rfd8 25. Qe1 Nf3 26. Na7 Qxa4 27. c6 Qa1# 0-1


[Site "https://www.chess.com"]

[Event "Titled Tuesday Blitz April 4 Early 2023"]
[White "Petrova, Irina"]
[Black "Vemparala, Nikash"]
[WhiteFideId "14124122"]
[BlackFideId "30960967"]
[WhiteElo "2084"]
[BlackElo "2023"]
[Result "0-1"]
[Round "08"]
[TimeControl "180+2"]
[Date "2023.04.04"]
[WhiteClock "0:00:59"]
[BlackClock "0:00:58"]

1. e4 e5 2. Nf3 Nc6 3. Bb5 Nf6 4. d3 Bc5 5. Nc3 O-O 6. Bg5 h6 7. Bh4 Nd4 8. Bc4 d6 9. Nxd4 Bxd4 10. Qf3 Bxc3+ 11. bxc3 Be6 12. Bb3 c6 13. Bxf6 Qxf6 14. Qxf6 gxf6 15. g3 d5 16. exd5 cxd5 17. f4 Rac8 18. Kd2 Rc7 19. Rae1 exf4 20. gxf4 Rfc8 21. Rhg1+ Kf8 22. f5 Bxf5 23. Rgf1 Bg6 24. Rxf6 Rxc3 25. Ref1 Kg7 26. R6f2 b5 27. Kc1 Rxd3 28. Kb2 Rdc3 29. Bxd5 Rxc2+ 30. Rxc2 Rxc2+ 31. Kb3 Rxh2 32. Kb4 h5 33. Kxb5 Bd3+ 34. Kc6 Bxf1 0-1


[Site "https://www.chess.com"]

[Event "Titled Tuesday Blitz April 4 Early 2023"]
[White "Sargissyan, Sargis"]
[Black "lluiss"]
[WhiteFideId "13303210"]
[WhiteElo "2109"]
[BlackElo "2233"]
[Result "0-1"]
[Round "08"]
[TimeControl "180+2"]
[Date "2023.04.04"]
[WhiteClock "0:00:24"]
[BlackClock "0:00:29"]

1. e4 c5 2. Nf3 d6 3. d4 cxd4 4. Nxd4 Nf6 5. Nc3 g6 6. Be3 Bg7 7. f3 O-O 8. Qd2 Nc6 9. g4 Be6 10. Nxe6 fxe6 11. h4 d5 12. g5 d4 13. gxf6 Bxf6 14. Bh6 dxc3 15. Qxd8 Rfxd8 16. b3 Nd4 17. O-O-O Nxf3 18. Bc4 Kf7 19. Rhf1 Ne5 20. Be2 Rd6 21. Bf4 Kg7 22. Bxe5 Bxe5 23. Bd3 Rf8 24. Rxf8 Kxf8 25. Rf1+ Kg7 26. Kd1 Bg3 27. Rh1 e5 28. Ke2 Rf6 29. h5 g5 30. h6+ Kg6 31. Bb5 Bh4 32. Be8+ Kxh6 33. Rh3 Rf8 34. Bd7 Rd8 35. Bf5 Rd2+ 36. Kf1 Rxc2 37. Rd3 Kg7 38. Rd7 Rxa2 39. Rxe7+ Kf6 40. Rc7 c2 0-1


[Site "https://www.chess.com"]

[Event "Titled Tuesday Blitz April 4 Early 2023"]
[White "Arcos Facio, Mateo"]
[Black "Kubatko, Ivan"]
[WhiteFideId "3001199"]
[BlackFideId "24111473"]
[WhiteElo "2156"]
[BlackElo "2285"]
[Result "0-1"]
[Round "08"]
[TimeControl "180+2"]
[Date "2023.04.04"]
[WhiteClock "0:00:02"]
[BlackClock "0:00:18"]

1. e4 d5 2. exd5 Qxd5 3. Nc3 Qa5 4. d4 Nf6 5. Nf3 Bg4 6. Be2 Nc6 7. O-O O-O-O 8. Be3 e5 9. Bd2 Bxf3 10. Bxf3 Nxd4 11. Ne4 Nxf3+ 12. Qxf3 Rxd2 13. Nxd2 Qxd2 14. Rad1 Qf4 15. Qh3+ Qg4 16. Qe3 Qa4 17. b3 Qa6 18. Qxe5 Bd6 19. Qf5+ Kb8 20. Rfe1 Qc6 21. a4 Re8 22. Rxe8+ Qxe8 23. a5 a6 24. g3 Qe2 25. Rd4 Qe6 26. Qd3 g6 27. c4 Nd7 28. b4 Ne5 29. Qf1 Nf3+ 30. Kg2 Nxd4 0-1


[Site "https://www.chess.com"]

[Event "Titled Tuesday Blitz April 4 Early 2023"]
[White "Hajiyev, Kanan"]
[Black "Acikel, Mert"]
[WhiteFideId "13404148"]
[BlackFideId "12956465"]
[WhiteElo "2103"]
[BlackElo "2097"]
[Result "1-0"]
[Round "08"]
[TimeControl "180+2"]
[Date "2023.04.04"]
[WhiteClock "0:01:23"]
[BlackClock "0:00:31"]

1. d4 d5 2. c4 e6 3. cxd5 exd5 4. Nc3 Nf6 5. Qc2 c6 6. Bg5 Be7 7. e3 h6 8. Bh4 O-O 9. Bd3 Re8 10. Nge2 a5 11. O-O Na6 12. a3 Nc7 13. Rac1 Ne6 14. h3 Bd7 15. Bg3 Bf8 16. Bh2 b5 17. Kh1 Rc8 18. Qb1 b4 19. axb4 axb4 20. Na4 c5 21. Nxc5 Nxc5 22. dxc5 Bxc5 23. Ba6 Ra8 24. Bb7 Ra7 25. Bxd5 Bb5 26. Bc4 Bxc4 27. Rxc4 Qd5 28. b3 Rea8 29. Rd1 Qh5 30. Nf4 Qxd1+ 31. Qxd1 1-0


[Site "https://www.chess.com"]

[Event "Titled Tuesday Blitz April 4 Early 2023"]
[White "Maxfan2008"]
[Black "Vargas Rodriguez, Wilver"]
[BlackFideId "3509672"]
[WhiteElo "2423"]
[BlackElo "2224"]
[Result "1-0"]
[Round "08"]
[TimeControl "180+2"]
[Date "2023.04.04"]
[WhiteClock "0:02:16"]
[BlackClock "0:00:05"]

1. d4 Nf6 2. c4 d6 3. Nf3 g6 4. g3 Bg7 5. Bg2 O-O 6. O-O Nc6 7. Nc3 e5 8. d5 Ne7 9. c5 Ne8 10. cxd6 cxd6 11. Nd2 f5 12. Nc4 a6 13. a4 Nc7 14. b3 Rb8 15. Ba3 Rf6 16. Nxe5 dxe5 17. d6 e4 18. dxe7 Qe8 19. Bd6 Rxd6 20. Qxd6 Bd7 21. Qxc7 Rc8 22. Qxb7 Bxc3 23. Rad1 Bc6 24. Qxc8 Qxc8 25. Rd8+ 1-0


[Site "https://www.chess.com"]

[Event "Titled Tuesday Blitz April 4 Early 2023"]
[White "Semenova, Alina"]
[Black "Kashtanov, Ruslan"]
[WhiteFideId "24113875"]
[BlackFideId "4124871"]
[WhiteElo "1833"]
[BlackElo "2276"]
[Result "0-1"]
[Round "08"]
[TimeControl "180+2"]
[Date "2023.04.04"]
[WhiteClock "0:00:02"]
[BlackClock "0:00:11"]

1. e4 c5 2. Nf3 d6 3. d4 cxd4 4. Nxd4 Nf6 5. Nc3 a6 6. f3 e6 7. Be3 b5 8. Qd2 Nbd7 9. O-O-O b4 10. Na4 Qc7 11. Kb1 Rb8 12. g4 h6 13. h4 Ne5 14. b3 Bd7 15. Nb2 d5 16. Bg2 dxe4 17. fxe4 Nfxg4 18. Bf4 Qc3 19. Bxe5 Qxd2 20. Rxd2 Nxe5 21. Rf1 Be7 22. Rff2 Bxh4 23. Rf1 Bg5 24. Re2 h5 25. Bh3 h4 26. Rd1 Bf6 27. Rf1 Ke7 28. Rd1 g5 29. Rg2 Rhg8 30. Bg4 Nxg4 31. Rxg4 Bxd4 32. Rxd4 e5 33. Rxd7+ Kxd7 34. Nc4 f6 35. Rg2 Ke6 36. Kc1 Rbd8 37. Rf2 g4 38. Ne3 g3 39. Rf1 h3 40. Nf5 g2 41. Rg1 h2 42. Rxg2 h1=Q+ 43. Kb2 Qxg2 44. Ne3 Qe2 45. Nc4 Rd4 46. Ka1 Qxe4 47. Nd2 Rxd2 48. Kb2 Qxc2+ 49. Ka1 Qc1# 0-1


[Site "https://www.chess.com"]

[Event "Titled Tuesday Blitz April 4 Early 2023"]
[White "Rodchenkov, Sergey D."]
[Black "Jimenez Jimenez, Leandro"]
[WhiteFideId "4168712"]
[BlackFideId "6415253"]
[WhiteElo "2277"]
[BlackElo "2263"]
[Result "0-1"]
[Round "08"]
[TimeControl "180+2"]
[Date "2023.04.04"]
[WhiteClock "0:00:02"]
[BlackClock "0:00:04"]

1. e4 e5 2. Nf3 Nc6 3. Bc4 Bc5 4. O-O Nf6 5. d3 d6 6. c3 a6 7. Nbd2 Ba7 8. Bb3 Ne7 9. d4 Ng6 10. Re1 O-O 11. Nf1 Re8 12. Ng5 Re7 13. h3 h6 14. Nf3 exd4 15. Ng3 dxc3 16. bxc3 Qe8 17. Qc2 Nd7 18. Nf5 Nc5 19. Nxe7+ Qxe7 20. Be3 Be6 21. Rad1 Qf6 22. Nd4 Bd7 23. Nf5 Ne5 24. f4 Ng6 25. Bd4 Nxb3 26. axb3 Bxd4+ 27. cxd4 Bxf5 28. exf5 Nxf4 29. Kh2 c6 30. Re4 Nd5 31. Rde1 Kh7 32. Qf2 a5 33. Rf1 a4 34. bxa4 Rxa4 35. Qc2 Rxd4 36. Rxd4 Qxd4 37. f6+ g6 38. Qf2 Qxf2 39. Rxf2 g5 40. g4 Kg6 41. Rb2 b5 42. Rc2 Nb4 43. Rd2 d5 44. Rf2 d4 45. Kg3 Nd5 46. Rd2 c5 47. Kf3 Kxf6 48. Ke4 Nc3+ 49. Kd3 Ke5 50. Rf2 c4+ 51. Kc2 Ke6 52. Rd2 Ne4 53. Rxd4 Nd6 54. Rd1 f5 55. Re1+ Kf6 56. Rd1 Ke6 57. Re1+ Ne4 58. Rf1 f4 59. h4 Ke5 60. h5 Kd4 61. Rd1+ Ke3 62. Rd7 f3 63. Rf7 f2 64. Kd1 Ng3 65. Re7+ Kf3 66. Rf7+ Kg2 0-1


[Site "https://www.chess.com"]

[Event "Titled Tuesday Blitz April 4 Early 2023"]
[White "crosky"]
[Black "Shuvalov, Evgenij"]
[BlackFideId "4187237"]
[WhiteElo "2357"]
[BlackElo "2080"]
[Result "1-0"]
[Round "08"]
[TimeControl "180+2"]
[Date "2023.04.04"]
[WhiteClock "0:00:07"]
[BlackClock "0:00:44"]

1. c4 Nf6 2. Nc3 g6 3. e4 e5 4. g3 Bg7 5. Bg2 O-O 6. Nge2 c6 7. O-O Re8 8. d3 Na6 9. Rb1 d5 10. exd5 cxd5 11. cxd5 Bf5 12. b4 Nc7 13. Bg5 h6 14. Bxf6 Bxf6 15. h3 Rc8 16. g4 Bd7 17. Qb3 Nb5 18. Ne4 Be7 19. a4 Nd6 20. f4 exf4 21. Nxf4 Qb6+ 22. Kh1 Qd4 23. Nc5 Rc7 24. Rbe1 Bh4 25. Rxe8+ Bxe8 26. Nce6 Rc3 27. Nxd4 Rxb3 28. Nxb3 Bxa4 29. Nc5 Bb5 30. Nxb7 Nxb7 31. Ra1 a6 32. Kg1 Bf6 33. Rc1 Nd6 34. Kf1 Bg5 35. Ne2 Bxc1 36. Nxc1 Kf8 37. Ke2 Ke7 38. Ke3 Ne8 39. Kd4 Kd6 40. Nb3 f5 41. gxf5 gxf5 42. Nc5 Nf6 43. Nb7+ Kc7 44. Nc5 Kd6 45. Nb7+ Kc7 46. Nc5 Ne8 47. Ke5 Nd6 48. Nb3 Bxd3 49. Nd4 Be4 50. Ne6+ Kd7 51. Bf1 Nb5 52. Bxb5+ axb5 53. Nd4 Bd3 54. Nxf5 Bf1 55. h4 Bh3 56. Nxh6 Ke7 57. Nf5+ Kd7 58. Nd4 Bg4 59. Nxb5 Bh5 60. Nd4 Bd1 61. b5 Ba4 62. b6 Bd1 63. Nf5 Bg4 64. Ng3 Kc8 65. h5 Bxh5 66. Nxh5 Kb7 67. Ke6 Kxb6 68. d6 Kb7 69. Ke7 Kc6 70. d7 Kc5 71. d8=Q Kc4 72. Qd6 1-0


[Site "https://www.chess.com"]

[Event "Titled Tuesday Blitz April 4 Early 2023"]
[White "Rian, Kapriaga"]
[Black "Golubev, Mikhail"]
[WhiteFideId "7103263"]
[BlackFideId "14100983"]
[WhiteElo "2354"]
[BlackElo "2374"]
[Result "0-1"]
[Round "08"]
[TimeControl "180+2"]
[Date "2023.04.04"]
[WhiteClock "0:00:01"]
[BlackClock "0:00:02"]

1. d4 Nf6 2. Nf3 d6 3. c4 g6 4. Nc3 Bg7 5. Bf4 O-O 6. h3 c5 7. dxc5 dxc5 8. e3 Nc6 9. Be2 Bf5 10. O-O Ne4 11. Nxe4 Bxe4 12. Qb3 Qb6 13. Nd2 Bf5 14. g4 Be6 15. Rab1 Rfd8 16. Rfd1 Rd7 17. Bf3 Rad8 18. Qxb6 axb6 19. e4 Nd4 20. Kg2 Nxf3 21. Kxf3 Bxc4 22. b3 Bb5 23. a4 Bc6 24. Ke2 b5 25. axb5 Bxb5+ 26. Nc4 Rxd1 27. Rxd1 Rxd1 28. Kxd1 Bd4 29. f3 Kf8 30. Kc2 Ke8 31. Kd3 Kd7 32. Bg3 f6 33. Bf4 e6 34. Bg3 f5 35. Bf4 e5 36. Bg3 f4 37. Bh4 Ba6 38. Kc2 Ke6 39. Be1 b5 40. Nb2 Bc8 41. Bh4 Bd7 42. Be1 Bc6 43. Bc3 b4 44. Bxd4 cxd4 45. Nd3 Bb5 46. Nxb4 Be2 47. Nd5 Bxf3 48. Kd3 Bg2 49. h4 Bf1+ 50. Kd2 h6 0-1


[Site "https://www.chess.com"]

[Event "Titled Tuesday Blitz April 4 Early 2023"]
[White "Matveeva, Olga"]
[Black "Nguyen, Hong Anh"]
[WhiteFideId "24107018"]
[BlackFideId "12406732"]
[WhiteElo "2056"]
[BlackElo "2054"]
[Result "0-1"]
[Round "08"]
[TimeControl "180+2"]
[Date "2023.04.04"]
[WhiteClock "0:00:13"]
[BlackClock "0:00:32"]

1. d4 Nf6 2. c4 g6 3. g3 Bg7 4. Bg2 d5 5. cxd5 Nxd5 6. Nf3 Nb6 7. O-O O-O 8. Nc3 Nc6 9. e3 Re8 10. Re1 e5 11. d5 Na5 12. e4 c6 13. b3 cxd5 14. exd5 e4 15. Nxe4 Qxd5 16. Nf6+ Bxf6 17. Rxe8+ Kg7 18. Qxd5 Nxd5 19. Rb1 Nc7 20. Rxc8 Rxc8 21. Bf4 Nd5 22. Bd2 Nc6 23. Rc1 Rd8 24. Kf1 Ndb4 25. a3 Nd3 26. Rc2 Rd7 27. Ke2 Nde5 28. Nxe5 Nd4+ 29. Kd1 Bxe5 30. Rc3 Nb5 31. Rc5 Bc3 32. Rxb5 Rxd2+ 33. Kc1 Rxf2 34. Bxb7 Bb2+ 35. Kd1 Bxa3 36. h4 h5 37. Bd5 Bd6 38. Rb7 Bxg3 39. Rxa7 Bxh4 40. b4 Bg3 41. b5 h4 42. b6 h3 43. b7 h2 44. Ra3 Bd6 45. Rh3 g5 46. Ke1 Rb2 47. Kf1 g4 48. Rh4 g3 49. Rg4+ Kf8 50. Rc4 Ke7 51. Rc8 Rb1+ 52. Ke2 h1=Q 53. Bxh1 Rxh1 54. b8=Q Bxb8 55. Rxb8 g2 0-1


[Site "https://www.chess.com"]

[Event "Titled Tuesday Blitz April 4 Early 2023"]
[White "Baches Garcia, Guillermo"]
[Black "Fernandez Siles, Luis"]
[WhiteFideId "2209764"]
[BlackFideId "2209420"]
[WhiteElo "2454"]
[BlackElo "2195"]
[Result "0-1"]
[Round "08"]
[TimeControl "180+2"]
[Date "2023.04.04"]
[WhiteClock "0:00:19"]
[BlackClock "0:00:51"]

1. e4 c5 2. Nf3 Nc6 3. d4 cxd4 4. Nxd4 g6 5. Nc3 Bg7 6. Be3 Nf6 7. Bc4 d6 8. f3 O-O 9. Qd2 Bd7 10. O-O-O Qa5 11. h4 Rfc8 12. Bb3 Ne5 13. h5 Rxc3 14. Qxc3 Qxc3 15. bxc3 Nxh5 16. Kb2 Nf6 17. Bh6 Bxh6 18. Rxh6 Kg7 19. Rhh1 h5 20. Ne2 a5 21. a3 a4 22. Ba2 Rc8 23. Nf4 Rc6 24. Nd3 Nc4+ 25. Bxc4 Rxc4 26. Nb4 Rc5 27. Rd4 b5 28. Rhd1 Rg5 29. R1d2 Be6 30. Nd3 Nd7 31. f4 Rg3 32. e5 Nb6 33. exd6 exd6 34. Nb4 Nc4+ 35. Rxc4 Bxc4 36. Rxd6 Rxg2 37. Nc6 h4 0-1


[Site "https://www.chess.com"]

[Event "Titled Tuesday Blitz April 4 Early 2023"]
[White "Romero Ruscalleda, Josep"]
[Black "Pein, Jonathan"]
[WhiteFideId "2231859"]
[BlackFideId "417092"]
[WhiteElo "2183"]
[BlackElo "2151"]
[Result "1-0"]
[Round "08"]
[TimeControl "180+2"]
[Date "2023.04.04"]
[WhiteClock "0:00:18"]
[BlackClock "0:00:09"]

1. e4 c6 2. Nc3 g6 3. Nf3 Bg7 4. Bc4 d6 5. O-O e6 6. d4 Ne7 7. Bg5 h6 8. Be3 d5 9. Bd3 O-O 10. Qd2 Kh7 11. Rfe1 Nd7 12. h4 dxe4 13. Nxe4 Nf5 14. h5 Nxe3 15. Rxe3 Nf6 16. Ng3 Nd5 17. Ree1 Qf6 18. Ne5 Nf4 19. Re3 Nxd3 20. Qxd3 Kg8 21. Rf3 Qd8 22. hxg6 f5 23. Nh5 Qg5 24. Nxg7 Kxg7 25. Re1 Rd8 26. c3 c5 27. Nf7 Qf6 28. Nxd8 Qxd8 29. dxc5 Bd7 30. Qd4+ Kg8 31. Rd1 Bc6 32. Qxd8+ Rxd8 33. Rxd8+ Kg7 34. Rg3 e5 35. Rc8 e4 36. Rxc6 bxc6 37. f4 Kf6 38. Kf2 Kg7 39. Ke3 h5 40. Rg5 a6 41. Kd4 1-0


[Site "https://www.chess.com"]

[Event "Titled Tuesday Blitz April 4 Early 2023"]
[White "Arat, Ufuk Sezen"]
[Black "Bas Mas, Jose Joaquin"]
[WhiteFideId "6309089"]
[BlackFideId "22219064"]
[WhiteElo "2289"]
[BlackElo "2233"]
[Result "1-0"]
[Round "08"]
[TimeControl "180+2"]
[Date "2023.04.04"]
[WhiteClock "0:00:36"]
[BlackClock "0:00:30"]

1. e4 e6 2. d4 d5 3. Nc3 Nf6 4. Bg5 dxe4 5. Nxe4 Be7 6. Nxf6+ Bxf6 7. Bxf6 Qxf6 8. Nf3 O-O 9. h4 h6 10. c3 b6 11. Bd3 Bb7 12. Qe2 Nd7 13. O-O-O c5 14. Kb1 Rac8 15. Be4 Bxe4+ 16. Qxe4 cxd4 17. cxd4 Rfd8 18. g4 Nf8 19. Ne5 g6 20. g5 hxg5 21. hxg5 Qf5 22. Rh4 Qxe4+ 23. Rxe4 Rd5 24. Rh1 Rcd8 25. Rhh4 Kg7 26. Ref4 Rxe5 27. dxe5 Rd5 28. Re4 Nd7 29. f4 Nc5 30. Re1 Rd2 31. Reh1 Kf8 32. Rh8+ Ke7 33. Ra8 Rd7 34. Rc1 Nd3 35. Rcc8 1-0


[Site "https://www.chess.com"]

[Event "Titled Tuesday Blitz April 4 Early 2023"]
[White "Iljin, Timofey"]
[Black "Zampronha, Wladimir Camilo"]
[WhiteFideId "14110180"]
[BlackFideId "2103087"]
[WhiteElo "2382"]
[BlackElo "2176"]
[Result "1-0"]
[Round "08"]
[TimeControl "180+2"]
[Date "2023.04.04"]
[WhiteClock "0:00:53"]
[BlackClock "0:00:57"]

1. e4 c5 2. c3 Nf6 3. e5 Nd5 4. d4 cxd4 5. cxd4 e6 6. Nf3 b6 7. Bd3 Bb7 8. O-O d6 9. Be4 Nd7 10. Re1 Be7 11. Nc3 Nxc3 12. bxc3 Bxe4 13. Rxe4 dxe5 14. Nxe5 Nxe5 15. Rxe5 O-O 16. Qd3 Rc8 17. Rh5 g6 18. Rh3 Bf6 19. Bh6 Re8 20. Re1 Qd5 21. a3 Rc6 22. Rf3 Bg7 23. Qe3 Rec8 24. Bxg7 Kxg7 25. Qf4 R8c7 26. Qf6+ Kg8 27. Ree3 b5 28. h4 Qd6 29. h5 Qe7 30. Qe5 Qxa3 31. hxg6 fxg6 32. Qxb5 Qa6 33. Qb8+ Rc8 34. Qf4 Qb7 35. Qf6 Qg7 36. Qf4 a5 37. Qh4 a4 38. d5 exd5 39. Re7 1-0


[Site "https://www.chess.com"]

[Event "Titled Tuesday Blitz April 4 Early 2023"]
[White "Vivas Zamora, Fabian Ernesto"]
[Black "Kalajzic, Ivan"]
[WhiteFideId "3902480"]
[BlackFideId "14506378"]
[WhiteElo "2262"]
[BlackElo "2203"]
[Result "1-0"]
[Round "08"]
[TimeControl "180+2"]
[Date "2023.04.04"]
[WhiteClock "0:00:16"]
[BlackClock "0:00:08"]

1. e4 Nc6 2. d4 e5 3. dxe5 Nxe5 4. Nf3 Nxf3+ 5. gxf3 d5 6. Qxd5 Qxd5 7. exd5 Nf6 8. Nc3 Bb4 9. Bd2 Bf5 10. Bb5+ Ke7 11. O-O-O Rhd8 12. Bg5 Bxc3 13. bxc3 Rd6 14. c4 Kf8 15. Bf4 a6 16. Bxd6+ cxd6 17. Ba4 Rc8 18. Bb3 Nd7 19. Rhe1 Ne5 20. Re3 Nxc4 21. Rc3 b5 22. Bxc4 bxc4 23. Rd4 Re8 24. Kd2 Bd7 25. Rdxc4 Re5 26. Rd4 Rh5 27. h4 g5 28. hxg5 Rxg5 29. Rc7 Ke7 30. Ra7 h5 31. c4 Rg1 32. Re4+ Kd8 33. Rh4 Ra1 34. Rxh5 Rxa2+ 35. Ke3 a5 36. Rh8+ Ke7 37. Rb8 Ra3+ 38. Kd4 Rxf3 39. Rbb7 Rxf2 40. Rxd7+ Kf8 41. Rdb7 Rf4+ 42. Kd3 Kg7 43. Rxa5 Kg6 44. Raa7 f5 45. Rd7 Rf3+ 46. Kd4 f4 47. Rxd6+ Kg5 48. Rg7+ Kf5 49. Rf7+ Kg5 50. Rdf6 Rf1 51. Rxf4 Rd1+ 52. Kc5 Ra1 53. Rf2 Kg6 54. R7f3 Kg5 55. Rg3+ Kh4 56. Rg8 Kh3 57. Rf7 Ra5+ 58. Kd4 Ra7 59. Rxa7 1-0


[Site "https://www.chess.com"]

[Event "Titled Tuesday Blitz April 4 Early 2023"]
[White "Burdalev, Kirill"]
[Black "Lach, Aleksandra"]
[WhiteFideId "14121913"]
[BlackFideId "1134299"]
[WhiteElo "2236"]
[BlackElo "2111"]
[Result "0-1"]
[Round "08"]
[TimeControl "180+2"]
[Date "2023.04.04"]
[WhiteClock "0:00:01"]
[BlackClock "0:00:36"]

1. d4 f5 2. g3 g6 3. Bg2 Nf6 4. Nf3 Bg7 5. b3 O-O 6. Bb2 d5 7. O-O e6 8. Nbd2 Nbd7 9. c4 Ne4 10. Qc2 c6 11. Rac1 Qe7 12. e3 b6 13. Rfd1 Bb7 14. Ne5 g5 15. Nxd7 Qxd7 16. Nf3 g4 17. Ne5 Bxe5 18. dxe5 Qe7 19. cxd5 cxd5 20. Qc7 Rf7 21. Qxe7 Rxe7 22. Rc2 Kf7 23. Rdc1 Rd7 24. Rc7 Rd8 25. Bf1 Nc5 26. Rxd7+ Rxd7 27. b4 Ne4 28. Bb5 Re7 29. Bd4 a6 30. Bd3 b5 31. Kf1 Nd2+ 32. Ke2 Nc4 33. Bc5 Rc7 34. Ra1 Na3 35. Rc1 Bc8 36. Rc3 Nc4 37. Bd4 Bd7 38. Bc2 Rc8 39. Bd3 Ra8 40. Bxc4 dxc4 41. Ra3 Bc6 42. Kd2 Bb7 43. Kc3 h5 44. Ra5 Bc6 45. Ra3 Bb7 46. Ra5 h4 47. a4 hxg3 48. hxg3 Bc6 49. axb5 Bxb5 50. Ra1 Rh8 51. Rf1 Rh2 0-1


[Site "https://www.chess.com"]

[Event "Titled Tuesday Blitz April 4 Early 2023"]
[White "Ruperez Benito, Antonio"]
[Black "Alberto, Manuel"]
[WhiteFideId "22245049"]
[BlackFideId "10100148"]
[WhiteElo "2273"]
[BlackElo "2166"]
[Result "1/2-1/2"]
[Round "08"]
[TimeControl "180+2"]
[Date "2023.04.04"]
[WhiteClock "0:00:20"]
[BlackClock "0:01:05"]

1. e4 c5 2. Nf3 d6 3. Bb5+ Bd7 4. Bxd7+ Nxd7 5. O-O Ngf6 6. Qe2 e6 7. c3 a6 8. d3 Be7 9. Nbd2 O-O 10. d4 cxd4 11. cxd4 Re8 12. b3 b5 13. Bb2 Qb6 14. a4 Rab8 15. a5 Qb7 16. b4 Rbc8 17. Rac1 Rxc1 18. Rxc1 Rc8 19. Rxc8+ Qxc8 20. Qd3 h6 21. Nb1 Qc6 22. Nc3 d5 23. e5 Ne4 24. Nd2 Nxd2 25. Qxd2 Bxb4 26. Nxd5 Qxd5 27. Qxb4 Nxe5 28. Qe7 Nc4 29. Bc3 Qf5 30. h3 h5 31. Qb7 Kh7 32. Qxa6 Qd3 33. Bb4 Qb1+ 34. Kh2 Qxb4 35. Qb7 Qxa5 36. Qxf7 Qb6 37. Qxh5+ Kg8 38. Qe8+ Kh7 39. Qh5+ Kg8 40. Qe8+ Kh7 41. Qh5+ 1/2-1/2


[Site "https://www.chess.com"]